 Dungeon Crawl Stone Soup version 0.23.2 (webtiles) character file.

Game seed: 12748702792292562866

30617 troglodite the Fighter (level 13, -5/103 HPs)
             Began as a Demonspawn Berserker on Apr 4, 2019.
             Was a High Priest of Trog.
             Slain by a six-headed hydra (12 damage)
             ... on level 1 of the Lair of Beasts.
             The game lasted 00:48:27 (17492 turns).

troglodite the Fighter (Demonspawn Berserker)      Turns: 17492, Time: 00:48:29

Health: -5/103     AC: 20    Str: 26    XL:     13   Next: 21%
Magic:  7/7        EV: 19    Int: 10    God:    Trog [*****.]
Gold:   188        SH: 18    Dex: 16    Spells: 12/12 levels left

rFire    . . .     SeeInvis +   v - +4 double sword (antimagic)
rCold    + + .     Gourm    .   K - +0 large shield
rNeg     . . .     Faith    .   h - +0 acid dragon scales
rPois    .         Spirit   .   u - +0 helmet {SInv}
rElec    +         Reflect  .   j - +1 cloak
rCorr    +         Harm     .   y - +0 pair of gloves
MR       .....                  n - +2 pair of boots {Fly}
Stlth    ++........             A - amulet of magic regeneration
HPRegen  1.27/turn              d - ring of Xom's Wrath {rElec rC++ MP+9 Str+3}
MPRegen  0.35/turn              P - +4 ring of evasion

@: mighty, about to teleport, berserk cooldown, flying, slowed, very slow
A: hooves 1, icy blue scales 2, powered by death 2, powered by pain 2
a: Berserk, Trog's Hand, Brothers in Arms, Renounce Religion, Stop Flying


You were on level 1 of the Lair of Beasts.
You worshipped Trog.
Trog was extremely pleased with you.
You were not hungry.

You visited 3 branches of the dungeon, and saw 15 of its levels.

You collected 1382 gold pieces.
You spent 1194 gold pieces at shops.

Inventory:

Hand Weapons
 a - the +7 trident "Puhafir" {pierce, rC- Int+3 Dex+7 SInv}
   (You bought it in a shop on level 2 of the Orcish Mines)

   It inflicts extra damage upon your enemies.
   It affects your intelligence (+3).
   It affects your dexterity (+7).
   It makes you vulnerable to cold.
   It lets you see invisible.
 b - a +2 short sword of venom
 v - a +4 antimagic double sword (weapon)
 R - a +3 long sword
Armour
 h - +0 acid dragon scales (worn)
 j - a +1 cloak (worn)
 n - a +2 pair of boots of flying (worn)
 u - a +0 helmet of see invisible (worn)
 y - a +0 pair of gloves (worn)
 H - a +0 plate armour
 K - a +0 large shield (worn)
Jewellery
 d - the ring of Xom's Wrath (left hand) {rElec rC++ MP+9 Str+3}
   (You bought it in a shop on level 6 of the Dungeon)

   [ring of magical power]

   It affects your strength (+3).
   It greatly protects you from cold.
   It insulates you from electricity.
   It affects your magic capacity (+9).
 i - an uncursed ring of positive energy
 w - a +3 ring of strength
 A - an amulet of magic regeneration (around neck)
 I - an uncursed ring of protection from fire
 P - a +4 ring of evasion (right hand)
Wands
 q - a wand of flame (40)
 x - a wand of polymorph (11)
 E - a wand of iceblast (15)
 F - a wand of disintegration (15)
 G - a wand of scattershot (4)
 J - a wand of digging (4)
Scrolls
 e - 6 scrolls of remove curse
 f - 6 scrolls of identify
 g - a scroll of teleportation
 D - 3 scrolls of fog
 O - 2 scrolls of magic mapping
Potions
 k - 2 potions of agility
 l - 7 potions of flight
 m - 4 potions of curing
 o - a potion of ambrosia
 p - 3 potions of invisibility
 r - a potion of haste
 s - 2 potions of berserk rage
 t - 2 potions of heal wounds
 B - 3 potions of brilliance
 C - a potion of might
Comestibles
 c - 23 rations


   Skills:
 * Level 10.0 Fighting
 + Level 8.4(9.5) Short Blades
 + Level 7.1(9.0) Long Blades
 * Level 9.3 Armour
 * Level 9.1 Dodging
 + Level 2.3 Stealth
 * Level 9.3 Shields
 + Level 0.2 Unarmed Combat


You had 12 spell levels left.
You didn't know any spells.
Your spell library was empty.

Dungeon Overview and Level Annotations

Branches:
Dungeon (12/15)            Temple (0/1) D:5            Lair (1/6) D:11
    Orc (2/2) D:9             Elf (0/3) Orc:2

Altars:
Uskayaw
Yredelemnul
Zin
Beogh

Shops:
D:5 (   D:6 =!?   D:7 [   D:8 *   D:9 =   Orc:2 %=:(


Innate Abilities, Weirdness & Mutations

You have large cloven feet.
You are mostly covered in icy blue scales. (AC +3)
You regenerate health from kills.
You sometimes gain power by taking damage.


Message History

The yak is lightly wounded.
You block the four-headed hydra's attack.
The four-headed hydra bites you but does no damage. x3
The six-headed hydra closely misses you.
You block the six-headed hydra's attack.
The six-headed hydra bites you but does no damage.
The six-headed hydra closely misses you.
The six-headed hydra bites you!
* * * LOW HITPOINT WARNING * * *
The six-headed hydra misses you.
The yak gores you but does no damage. x2
The yak closely misses you.
You riposte.
You slice the yak!!
The yak is almost dead.
You block the four-headed hydra's attack.
The four-headed hydra bites you!
* * * LOW HITPOINT WARNING * * *
The four-headed hydra completely misses you.
The four-headed hydra barely misses you.
You block the six-headed hydra's attack.
The six-headed hydra bites you!
You die...

...(.....
#........
#........
#......(.
#........
#....)... # #
#........
.P..#.###Y.......
.......@.Y.......
...#.##DDY.......
##Y[.......
#..........
##.........
..........
#..........
...........
P##.........


You could see a six-headed hydra, a four-headed hydra and 4 yaks.

Vanquished Creatures
  Gastronok (Lair:1)
  An ettin (Orc:1)
  A centaur warrior (D:11)
  4 two-headed ogres
  A tengu warrior (D:12)
  3 orc high priests (Orc:2)
  5 orc knights
  6 orc sorcerers
  A cyclops (D:12)
  An ugly thing (D:11)
  Psyche (D:11)
  An efreet (D:9)
  A queen bee (D:11)
  A tengu conjurer (D:12)
  3 trolls
  A hornet (D:9)
  Grinder (D:5)
  3 hippogriffs
  A wraith (D:12)
  3 wyverns
  3 yaks (D:9)
  A basilisk (D:11)
  4 wargs
  A hungry ghost (D:11)
  An acid dragon (D:6)
  A soldier ant (D:9)
  A water moccasin (D:9)
  34 orc warriors
  3 phantoms
  2 sky beasts
  3 ice beasts
  16 ogres
  A black bear (D:10)
  7 centaurs
  2 crocodiles
  4 bullfrogs
  A wyvern zombie (D:11)
  4 scorpions
  2 wyvern skeletons (D:10)
  24 killer bees (D:11)
  3 howler monkeys
  A centaur zombie (D:11)
  5 crimson imps
  2 centaur skeletons
  2 jellies
  31 orc priests
  Crazy Yiuf (D:3)
  17 orc wizards
  A hound (D:11)
  A bullfrog skeleton (D:8)
  3 iguanas
  Terence (D:2)
  Natasha (thrice) (D:3)
  9 worker ants
  A killer bee zombie (D:8)
  A hound zombie (D:10)
  A worker ant zombie (D:11)
  2 howler monkey skeletons
  13 adders
  2 shadow imps
  4 worms
  3 dart slugs
  6 leopard geckos
  86 orcs
  2 ball pythons (D:3)
  6 giant cockroaches
  9 goblins
  5 hobgoblins
  5 jackals
  A quokka (D:3)
  A ball python skeleton (D:4)
  6 bats
  2 frilled lizards (D:5)
  7 kobolds
  A rat (D:1)
399 creatures vanquished.

Vanquished Creatures (collateral kills)
  An orc warlord (Orc:2)
  An orc high priest (Orc:2)
  An orc knight (Orc:2)
  An orc sorcerer (Orc:2)
  3 wargs (Orc:2)
  An acid dragon (D:11)
  9 orc warriors (Orc:2)
  3 ogres (Orc:2)
  5 orc priests (Orc:2)
  An orc wizard (Orc:2)
  9 orcs (Orc:2)
35 creatures vanquished.

Vanquished Creatures (others)
  2 yaks (D:9)
  An orc (D:9)
3 creatures vanquished.

Grand Total: 437 creatures vanquished

Notes
Turn   | Place    | Note
-------+----------+-------------------------------------------
     0 | D:1      | troglodite the Demonspawn Berserker began the quest for the
                  | Orb.
     0 | D:1      | Reached XP level 1. HP: 18/18 MP: 1/1
   123 | D:1      | Gained mutation: You sometimes gain a little power by
                  | taking damage. [demonic ancestry]
   123 | D:1      | Reached XP level 2. HP: 15/24 MP: 2/2
   989 | D:2      | Gained mutation: You regenerate a little health from kills.
                  | [demonic ancestry]
   989 | D:2      | Reached XP level 3. HP: 29/29 MP: 3/3
  1012 | D:2      | Noticed Terence
  1020 | D:2      | Killed Terence
  1468 | D:2      | Reached skill level 4 in Fighting
  1468 | D:2      | Reached XP level 4. HP: 32/37 MP: 4/4
  2023 | D:3      | Noticed Natasha
  2031 | D:3      | Killed Natasha
  2097 | D:3      | Reached ** piety under Trog
  2126 | D:3      | Noticed Natasha
  2141 | D:3      | Killed Natasha
  2141 | D:3      | Reached XP level 5. HP: 43/43 MP: 5/5
  2212 | D:3      | Reached skill level 1 in Short Blades
  2238 | D:3      | Noticed Natasha
  2246 | D:3      | Killed Natasha
  2383 | D:3      | Found a runed translucent door.
  2384 | D:3      | Noticed Crazy Yiuf
  2676 | D:3      | Killed Crazy Yiuf
  2762 | D:4      | Gained mutation: You are partially covered in icy blue
                  | scales. (AC +2) [demonic ancestry]
  2762 | D:4      | Reached XP level 6. HP: 34/49 MP: 6/6
  3350 | D:4      | Reached XP level 7. HP: 55/55 MP: 7/7
  3573 | D:5      | Entered Level 5 of the Dungeon
  3584 | D:5      | Reached skill level 5 in Fighting
  3610 | D:5      | Found a staircase to the Ecumenical Temple.
  3677 | D:5      | Noticed a hippogriff
  3828 | D:5      | Killed a hippogriff
  3903 | D:5      | Gained mutation: You have large cloven feet. [demonic
                  | ancestry]
  3903 | D:5      | Reached XP level 8. HP: 49/63 MP: 8/8
  3963 | D:5      | Found Pestyimo's Weapon Boutique.
  4161 | D:5      | Noticed Grinder
  4171 | D:5      | Killed Grinder
  4171 | D:5      | Reached skill level 6 in Fighting
  4171 | D:5      | Reached skill level 5 in Armour
  4354 | D:5      | Reached *** piety under Trog
  4499 | D:6      | Found Ehemnast's Jewellery Shoppe.
  4571 | D:6      | Reached skill level 5 in Short Blades
  4577 | D:6      | Found Koont's Distillery.
  4592 | D:6      | Bought a potion of curing for 39 gold pieces
  4592 | D:6      | Bought a potion of heal wounds for 65 gold pieces
  4694 | D:6      | Found Vanipe's Magic Scroll Shop.
  4697 | D:6      | Bought a scroll of teleportation for 36 gold pieces
  4697 | D:6      | Bought a scroll of fog for 24 gold pieces
  5202 | D:6      | Reached XP level 9. HP: 28/71 MP: 9/9
  5513 | D:7      | Found a hide-covered altar of Uskayaw.
  5572 | D:7      | Found Amol's Armour Shop.
  6231 | D:8      | Found Zin's Purification Station.
  6234 | D:8      | Found a glowing silver altar of Zin.
  6369 | D:8      | Reached skill level 1 in Stealth
  6811 | D:9      | Found a basalt altar of Yredelemnul.
  6891 | D:9      | Reached skill level 7 in Fighting
  6916 | D:9      | Reached skill level 1 in Shields
  7406 | D:9      | Reached skill level 5 in Dodging
  7557 | D:9      | Noticed a troll
  7557 | D:9      | Noticed an efreet
  7580 | D:9      | Killed a troll
  7582 | D:9      | Reached **** piety under Trog
  7958 | D:9      | Noticed a two-headed ogre
  7967 | D:9      | Killed a two-headed ogre
  7967 | D:9      | Gained mutation: You are mostly covered in icy blue scales.
                  | (AC +3) [demonic ancestry]
  7967 | D:9      | Reached XP level 10. HP: 79/79 MP: 10/10
  8017 | D:9      | Found Kiachon's Jewellery Boutique.
  8166 | D:9      | Identified the Volume of Flamy Snow
  8278 | D:9      | HP: 3/79 [efreet/+4 scimitar of flaming (10)]
  8522 | D:9      | Found a staircase to the Orcish Mines.
  8832 | D:10     | Entered Level 10 of the Dungeon
  9232 | D:10     | Received a gift from Trog
  9255 | D:10     | Reached skill level 8 in Fighting
 10031 | D:11     | Noticed Psyche
 10040 | D:11     | Killed Psyche
 10306 | D:11     | Noticed a red ugly thing
 10403 | D:11     | Reached skill level 5 in Shields
 10424 | D:11     | Killed a red ugly thing
 10424 | D:11     | Gained mutation: You regenerate health from kills. [demonic
                  | ancestry]
 10424 | D:11     | Reached XP level 11. HP: 66/87 MP: 11/11
 10448 | D:11     | Noticed a centaur warrior
 10456 | D:11     | Killed a centaur warrior
 10622 | D:11     | Found a staircase to the Lair.
 11317 | D:12     | Reached ***** piety under Trog
 11457 | D:12     | Noticed a tengu warrior
 11484 | D:12     | Killed a tengu warrior
 11995 | D:12     | Noticed a death knight
 12003 | D:12     | Noticed a wizard
 12304 | Orc:1    | Entered Level 1 of the Orcish Mines
 12304 | Orc:1    | Noticed an orc knight
 12304 | Orc:1    | Noticed an orc sorcerer
 12308 | Orc:1    | Noticed an orc sorcerer
 12321 | D:9      | Paralysed by an orc sorcerer for 7 turns
 12332 | D:9      | Killed an orc sorcerer
 12398 | Orc:1    | Noticed a soul eater
 12412 | D:9      | Killed an orc knight
 12582 | D:9      | Paralysed by an orc sorcerer for 5 turns
 12588 | D:9      | Killed an orc sorcerer
 12588 | D:9      | Reached skill level 9 in Fighting
 12893 | Orc:1    | Found a roughly hewn altar of Beogh.
 13091 | Orc:2    | Entered Level 2 of the Orcish Mines
 13091 | Orc:2    | Noticed a two-headed ogre
 13093 | Orc:2    | Noticed a two-headed ogre
 13108 | Orc:2    | Killed a two-headed ogre
 13113 | Orc:2    | Killed a two-headed ogre
 13259 | Orc:2    | Noticed a two-headed ogre
 13278 | Orc:2    | Killed a two-headed ogre
 13278 | Orc:2    | Reached XP level 12. HP: 87/95 MP: 12/12
 13446 | Orc:1    | Noticed an ettin
 14279 | Orc:2    | Found Faisyph's Jewellery Shop.
 14291 | Orc:2    | Reached skill level 5 in Long Blades
 14323 | Orc:2    | Found Lunorayh's Food Boutique.
 14631 | Orc:2    | Found a staircase to the Elven Halls.
 14731 | Orc:2    | Received a gift from Trog
 15127 | Orc:2    | Found a roughly hewn altar of Beogh.
 15716 | Orc:2    | Noticed an orc warlord
 15745 | Orc:2    | Killed an orc warlord
 15780 | Orc:2    | Found Jyre Ido's Book Shoppe.
 15782 | Orc:2    | Noticed an orc high priest
 15815 | Orc:2    | Killed an orc high priest
 16053 | Orc:2    | Noticed an orc high priest
 16072 | Orc:2    | Killed an orc high priest
 16142 | Orc:2    | Found Cuaseon's Antique Weapon Boutique.
 16144 | Orc:2    | Noticed an orc high priest
 16156 | Orc:2    | Killed an orc high priest
 16156 | Orc:2    | Gained mutation: You sometimes gain power by taking damage.
                  | [demonic ancestry]
 16156 | Orc:2    | Reached XP level 13. HP: 103/103 MP: 4/13
 16218 | Orc:2    | Found a roughly hewn altar of Beogh.
 16500 | Orc:2    | Bought a twisted trident for 221 gold pieces
 16500 | Orc:2    | Identified the +7 trident "Puhafir" {pierce, rC- Int+3
                  | Dex+7 SInv} (You bought it in a shop on level 2 of the
                  | Orcish Mines)
 16600 | Orc:1    | Received a gift from Trog
 16834 | Orc:1    | Killed an ettin
 16834 | Orc:1    | Reached skill level 10 in Fighting
 17303 | D:6      | Bought the ring of Xom's Wrath {rElec rC++ MP+9 Str+3} for
                  | 809 gold pieces
 17475 | Lair:1   | Entered Level 1 of the Lair of Beasts
 17475 | Lair:1   | Noticed Gastronok
 17486 | Lair:1   | Killed Gastronok
 17492 | Lair:1   | Slain by a six-headed hydra

Skill      XL: |  1  2  3  4  5  6  7  8  9 10 11 12 13 |
---------------+----------------------------------------+-----
Armour         | 2 3 4 5 7 8 9 |  9.3
Long Blades    | 3 4 6 7 |  7.1
Dodging        | 2 3 4 5 6 8 9 |  9.1
Fighting       | 4 5 6 7 8 9 10 | 10.0
Short Blades   | 2 3 4 5 7 8 |  8.4
Stealth        | 1 2 |  2.3
Shields        | 2 5 7 9 |  9.3
Unarmed Combat | |  0.2

Action                   |  1- 3 |  4- 6 |  7- 9 | 10-12 | 13-15 || total
-------------------------+-------+-------+-------+-------+-------++-------
Melee: Falchion          |    74 |       |       |       |       ||    74
       Short sword       |     7 |   151 |   374 |   585 |       ||  1117
       Unarmed           |       |       |     6 |       |       ||     6
       Long sword        |       |       |       |   427 |       ||   427
       Double sword      |       |       |       |   159 |    81 ||   240
Invok: Berserk           |     2 |     5 |    10 |    24 |     3 ||    44
       Brothers in Arms  |       |       |       |     8 |       ||     8
  Use: Scroll            |       |       |     1 |    21 |     1 ||    23
       Potion            |       |       |       |     1 |       ||     1
 Stab: Sleeping          |     1 |       |       |     3 |       ||     4
       Distracted        |       |       |       |     1 |       ||     1
  Eat: Chunk             |     4 |     7 |    19 |    25 |     5 ||    60
       Ration            |       |     1 |     1 |     9 |     1 ||    12
Armor: Animal skin       |    11 |       |       |       |       ||    11
       Chain mail        |     4 |   111 |   101 |       |       ||   216
       Scale mail        |     1 |       |       |       |       ||     1
       Plate armour      |       |       |     7 |       |       ||     7
       Acid dragon scale |       |       |    58 |   319 |    33 ||   410
Dodge: Dodged            |    59 |    66 |   146 |   648 |    68 ||   987
Block: Large shield      |       |       |    36 |  1069 |    95 ||  1200
       Rpst.: Falchion   |    18 |       |       |       |       ||    18
       Long sword        |       |       |       |    67 |       ||    67
       Double sword      |       |       |       |    18 |    19 ||    37
